 Dungeon Crawl Stone Soup version 0.26-a0-393-g67388ea (webtiles) character file.

Game seed: 6916577131419168581

70948 silenth the Severer (level 15, -7/141 HPs)
             Began as a Hill Orc Fighter on July 22, 2020.
             Was an Elder of Uskayaw.
             Mangled by an orc warlord
             ... wielding a +3 great sword of protection
              (28 damage)
             ... on level 1 of the Orcish Mines.
             The game lasted 00:31:46 (22343 turns).

silenth the Severer (Hill Orc Fighter)             Turns: 22343, Time: 00:31:46

Health: -7/141     AC: 20    Str: 26    XL:     15   Next: 35%
Magic:  24/26      EV: 14    Int:  8    God:    Uskayaw [****..]
Gold:   3790       SH:  7    Dex: 14    Spells: 14/14 levels left

rFire    . . .     SeeInvis .   a - +4 broad axe (flame)
rCold    + . .     Faith    .   E - +2 buckler {AC+3}
rNeg     + . .     Spirit   .   J - +3 scale mail of Darkness {rN+ Dex+4}
rPois    +         Reflect  .   V - +1 helmet
rElec    .         Harm     .   e - scarf {shadows}
rCorr    .                      j - +2 pair of gloves
MR       +....                  (no boots)
Stlth    ..........             (no amulet)
HPRegen  0.33/turn              z - ring of poison resistance
MPRegen  0.20/turn              u - ring of protection from cold

@: no status effects
A: no striking features
a: Stomp, Line Pass, Renounce Religion


You were on level 1 of the Orcish Mines.
You worshipped Uskayaw.
Uskayaw was pleased with you.
You visited 4 branches of the dungeon, and saw 21 of its levels.
You also visited: Bailey.

You collected 3808 gold pieces.
You spent 18 gold pieces at shops.

Inventory:

Hand Weapons
 a - a +4 broad axe of flaming (weapon)
Missiles
 k - 57 poisoned darts (quivered)
 D - 32 boomerangs
 M - 8 silver javelins
 P - 4 javelins
Armour
 e - a scarf of shadows (worn)
 j - a +2 pair of gloves (worn)
 C - a +2 cloak
 E - a +2 buckler of protection (worn)
 J - the +3 scale mail of Darkness (worn) {rN+ Dex+4}
   (You found it on level 6 of the Dungeon)

   It affects your dexterity (+4).
   It protects you from negative energy.
 V - a +1 helmet (worn)
Jewellery
 h - an uncursed ring of flight
 s - an uncursed ring of protection from fire
 u - a ring of protection from cold (right hand)
 v - an uncursed ring of resist corrosion
 z - a ring of poison resistance (left hand)
 G - an uncursed ring of positive energy
Wands
 b - a wand of clouds (6)
 c - a wand of random effects (20)
 f - a wand of flame (17)
 q - a wand of polymorph (20)
 y - a wand of paralysis (30)
 B - a wand of iceblast (16)
 Q - a wand of digging (11)
Scrolls
 i - 5 scrolls of identify
 p - 8 scrolls of teleportation
 r - 10 scrolls of remove curse
 I - 4 scrolls of magic mapping
 K - 3 scrolls of fog
Potions
 d - a potion of might
 n - 3 potions of magic
 o - a potion of mutation
 w - 6 potions of stabbing
 x - 4 potions of flight
 A - a potion of resistance
 F - 3 potions of heal wounds
 H - 7 potions of curing
 L - 2 potions of lignification
 O - 4 potions of haste
Miscellaneous
 g - a lightning rod (4/4)
 m - a tin of tremorstones (3/3)
 N - a phantom mirror


   Skills:
 + Level 15.2 Fighting
 - Level 18.0 Axes
 - Level 5.0 Throwing
 + Level 10.0 Armour
 + Level 7.1 Dodging
 - Level 5.0 Shields
 + Level 15.0 Invocations
 - Level 3.0 Evocations


You had 14 spell levels left.
You didn't know any spells.
Your spell library contained the following spells:

 Spells                   Type           Power        Failure   Level
 Summon Small Mammal      Summ           #...         65%         1
 Call Imp                 Summ           #.......     78%         2
 Ensorcelled Hibernation  Hex/Ice        #.....       78%         2
 Call Canine Familiar     Summ           #.......     95%         3
 Summon Guardian Golem    Hex/Summ       #.......     95%         3
 Cause Fear               Hex            #.........   100%        4
 Summon Ice Beast         Ice/Summ       #.......     100%        4
 Summon Lightning Spire   Summ/Air       #.......     100%        4
 Borgnjor's Vile Clutch   Necr/Erth      #.........   100%        5
 Silence                  Hex/Air        #.........   100%        5
 Yara's Violent Unravell  Hex/Tmut       #.........   100%        5
 Shadow Creatures         Summ           N/A          100%        6
 Discord                  Hex            #.........   100%        8


Dungeon Overview and Level Annotations

Branches:
Dungeon (12/15)            Temple (1/1) D:5            Lair (6/6) D:10
 Shoals (0/4) Lair:3       Spider (0/4) Lair:2        Slime (0/5) Lair:6
    Orc (2/2) D:12         Bailey (visited)
    Elf: Orc:2

Altars:
Ashenzari
Cheibriados
Dithmenos
Elyvilon
Fedhas
Gozag
Hepliaklqana
Kikubaaqudgha
Makhleb
Nemelex Xobeh
Okawaru
Qazlal
Ru
Sif Muna
Trog
Uskayaw
Vehumet
Wu Jian
Xom
Yredelemnul
Zin
The Shining One
Beogh

Shops:
D:5 :   D:12 *   Orc:2 *

Annotations:
D:4 2 transporters
D:6 , 3 runed translucent doors, Maruxus's ghost, novice TeAE; Myro's ghost, novice OpVM
Orc:1 1 runed translucent door, Pim Fono's ghost, journeyman GnHu


Message History

The orc warlord is severely wounded.
The orc warlord hits you with a +3 great sword of protection!!
* * * LOW HITPOINT WARNING * * *
There is a stone staircase leading down, spattered with blood here.
You slash the orc warlord! You burn the orc warlord.
The orc warlord is severely wounded.
Uskayaw will force your foes to share their pain.
There is a stone staircase leading down, spattered with blood here.
You hit the orc warlord but do no damage.
The orc warlord is severely wounded.
The orc warlord hits you with a +3 great sword of protection!!
* * * LOW HITPOINT WARNING * * *
There is a stone staircase leading down, spattered with blood here.
You hit the orc warlord but do no damage.
The orc warlord is severely wounded.
There is a stone staircase leading down, spattered with blood here.
You completely miss the orc warlord.
The orc warlord is severely wounded.
The orc warlord hits you with a +3 great sword of protection!!
You die...

#.#..###.#..# ######).###...#
##### ##.## ##..#...### ##.≈≈##
##...# #.......#.#### ##..≈≈(#
#...<# ##.[...#...#.#####...≈≈.(
###...#####.[.#.........#..≈≈≈..(
#..)#..##.......#.......#.≈≈≈÷.(.
....##.....###.)#......##.≈≈.....
...))#....#####^@..#.###..≈≈.....
#...##..#..##...o..###.#.≈≈≈≈.÷..
#...#..###..#..###..#..#.≈≈.≈.(÷.
#.#....# ##...#.##.....#.)))≈≈÷..
...#...#####.#####.....##)()≈≈≈##
#..##.###.......#.....(...(.≈≈##
#....###....#...##.#..(...#####
##.####....###..######...## ###
#.....###..# ###.#


You could see an orc warlord.

Vanquished Creatures
  3 orc warlords
  A great orb of eyes (D:12)
  7 hydras
  A catoblepas (Lair:6)
  4 two-headed ogres
  Erica (D:8)
  4 death yaks (Lair:6)
  A deep troll shaman (Lair:6)
  A tengu warrior (D:12)
  Nergalle (D:12)
  An unseen horror (D:10)
  The ghost of Datul the Nimble, a novice FeFi of Uskayaw (Lair:2)
  Pikel (D:6)
  A lindwurm (Lair:6)
  A deep elf mage (D:12)
  2 ugly things
  3 cyclopes
  An orc knight (Bailey)
  An oklob plant (D:9)
  3 manticores (D:12)
  2 orc sorcerers (Orc:1)
  13 elephants
  2 black mambas
  A gargoyle (D:12)
  8 cane toads
  4 rime drakes
  7 komodo dragons
  A demonic crawler (Lair:2)
  2 trolls
  3 polar bears
  11 blink frogs
  A hornet (D:11)
  6 dream sheep (Lair:6)
  A merfolk (D:11)
  Prince Ribbit (D:5)
  2 slime creatures (D:12)
  7 hippogriffs
  Sigmund (D:6)
  3 wraiths
  A vampire (D:6)
  2 wyverns
  44 yaks
  A basilisk (Lair:4)
  4 vampire mosquitoes (D:12)
  2 steam dragons (D:11)
  Menkaure (D:4)
  A warg (Orc:2)
  10 water moccasins
  3 porcupines
  10 necrophages
  11 ogres
  28 orc warriors
  A black bear (D:12)
  4 ice beasts
  3 phantoms
  20 wolves
  10 centaurs
  A lemure (D:6)
  7 crocodiles
  2 big kobolds (D:7)
  24 bullfrogs
  4 scorpions
  10 killer bees
  12 wights
  3 howler monkeys (D:7)
  2 electric eels
  A bullfrog zombie (D:10)
  2 centaur zombies
  2 bullfrog skeletons
  3 jellies
  A centaur skeleton (D:8)
  17 orc priests
  Crazy Yiuf (D:2)
  6 hounds
  18 orc wizards
  Jessica (D:2)
  6 iguanas
  6 hell rats (Lair:4)
  7 worker ants
  2 killer bee zombies
  2 hound skeletons
  A mummy (D:6)
  13 adders
  14 gnolls
  A river rat (Lair:2)
  A shadow imp (D:6)
  3 white imps
  An ufetubus (D:8)
  An ooze (D:1)
  An adder zombie (D:10)
  4 worms
  A dart slug (D:1)
  4 leopard geckos
  92 orcs
  2 ball pythons
  5 bats
  7 giant cockroaches
  23 goblins
  19 hobgoblins
  13 jackals
  3 quokkas
  4 frilled lizards
  A jackal skeleton (D:9)
  11 kobolds
  3 quokka zombies
  8 rats
  4 fungi
  5 plants
656 creatures vanquished.

Vanquished Creatures (others)
  A kobold (D:7)
  3 fungi (Lair:6)
  A plant (Lair:6)
5 creatures vanquished.

Grand Total: 661 creatures vanquished

Notes
Turn   | Place    | Note
-------+----------+-------------------------------------------
     0 | D:1      | silenth the Hill Orc Fighter began the quest for the Orb.
     0 | D:1      | Reached XP level 1. HP: 19/19 MP: 1/1
   102 | D:1      | Reached skill level 3 in Axes
   108 | D:1      | Reached XP level 2. HP: 27/27 MP: 2/2
   250 | D:1      | Reached skill level 4 in Fighting
   293 | D:1      | Reached skill level 4 in Axes
   298 | D:1      | Reached XP level 3. HP: 30/33 MP: 3/3
   771 | D:2      | You fall into a shaft and drop 1 floor!
   878 | D:2      | Noticed Jessica
   882 | D:2      | Killed Jessica
   882 | D:2      | Reached skill level 5 in Axes
   882 | D:2      | Reached XP level 4. HP: 41/41 MP: 4/4
   922 | D:2      | Found a blossoming altar of Fedhas.
  1358 | D:2      | Found a runed translucent door.
  1359 | D:2      | Noticed Crazy Yiuf
  1364 | D:2      | Paralysed by Crazy Yiuf for 7 turns
  1371 | D:2      | Killed Crazy Yiuf
  1579 | D:3      | Reached XP level 5. HP: 47/47 MP: 5/5
  1778 | D:3      | Reached skill level 5 in Fighting
  1778 | D:3      | Reached skill level 6 in Axes
  2047 | D:3      | Found a glowing golden altar of the Shining One.
  2376 | D:4      | Reached XP level 6. HP: 54/56 MP: 6/6
  2380 | D:4      | Reached skill level 7 in Axes
  2406 | D:4      | Noticed Menkaure
  2415 | D:4      | Killed Menkaure
  2415 | D:4      | Reached skill level 6 in Fighting
  2415 | D:4      | Reached XP level 7. HP: 17/63 MP: 7/7
  2651 | D:4      | Reached skill level 8 in Axes
  3201 | D:4      | Found a shadowy altar of Dithmenos.
  3208 | D:4      | Reached skill level 9 in Axes
  3219 | D:4      | Found a transporter.
  3221 | D:4      | Found a transporter.
  3229 | D:4      | Noticed a gargoyle
  3233 | D:4      | Found a hazy altar of Hepliaklqana.
  3407 | D:4      | Found a hide-covered altar of Uskayaw.
  3456 | D:5      | Entered Level 5 of the Dungeon
  3574 | D:5      | Found Kidumn's Book Boutique.
  3603 | D:5      | Found a staircase to the Ecumenical Temple.
  3633 | D:5      | Reached skill level 7 in Fighting
  3633 | D:5      | Reached XP level 8. HP: 50/73 MP: 8/8
  3643 | Temple   | Entered the Ecumenical Temple
  3888 | D:4      | Became a worshipper of Uskayaw the Reveler
  3969 | D:5      | Reached * piety under Uskayaw
  4003 | D:5      | Noticed Prince Ribbit
  4011 | D:5      | Reached ** piety under Uskayaw
  4014 | D:5      | Killed Prince Ribbit
  4014 | D:5      | Reached skill level 10 in Axes
  4014 | D:5      | Reached skill level 1 in Invocations
  4153 | D:5      | Reached skill level 2 in Invocations
  4155 | D:5      | Reached *** piety under Uskayaw
  4506 | D:6      | Reached skill level 3 in Invocations
  4646 | D:6      | Noticed Pikel
  4657 | D:6      | Killed Pikel
  4657 | D:6      | Reached skill level 8 in Fighting
  4657 | D:6      | Reached skill level 11 in Axes
  4657 | D:6      | Reached skill level 4 in Invocations
  4657 | D:6      | Reached XP level 9. HP: 77/81 MP: 10/12
  4684 | D:6      | Noticed Sigmund
  4705 | D:6      | Killed Sigmund
  4856 | D:6      | Reached skill level 12 in Axes
  4856 | D:6      | Reached skill level 5 in Invocations
  5109 | D:6      | Found a transporter.
  5109 | D:6      | Found an ancient bone altar of Kikubaaqudgha.
  5113 | D:6      | Found a basalt altar of Yredelemnul.
  5131 | D:6      | Found a transporter.
  5151 | D:6      | Found a runed translucent gate.
  5152 | D:6      | Found a runed translucent gate.
  5153 | D:6      | Found a runed translucent gate.
  5154 | D:6      | Noticed Maruxus's ghost (novice TeAE)
  5155 | D:6      | Noticed Myro's ghost (novice OpVM)
  5369 | D:6      | Reached **** piety under Uskayaw
  5376 | D:6      | Got a steaming scale mail
  5646 | D:6      | Identified the +3 scale mail of Darkness {rN+ Dex+4} (You
                  | found it on level 6 of the Dungeon)
  5679 | D:7      | Reached skill level 9 in Fighting
  5843 | D:7      | Reached skill level 6 in Invocations
  5867 | D:7      | Reached skill level 13 in Axes
  5873 | D:7      | Reached ***** piety under Uskayaw
  5955 | D:7      | Reached XP level 10. HP: 45/91 MP: 9/15
  5979 | D:7      | HP: 9/91 [ice beast (4)]
  5980 | D:7      | HP: 4/91 [poisoned by a killer bee]
  6093 | D:7      | Reached skill level 7 in Invocations
  6096 | D:7      | Found a flagged portal.
  6356 | Bailey   | Entered a bailey
  6634 | Bailey   | Noticed an orc knight
  6652 | Bailey   | Killed an orc knight
  6654 | Bailey   | Reached skill level 1 in Evocations
  6820 | Bailey   | Reached skill level 1 in Throwing
  6852 | Bailey   | Reached skill level 1 in Dodging
  6894 | Bailey   | Noticed an orc warlord
  6933 | Bailey   | Killed an orc warlord
  6933 | Bailey   | Reached skill level 10 in Fighting
  6933 | Bailey   | Reached skill level 14 in Axes
  6933 | Bailey   | Reached skill level 4 in Armour
  6933 | Bailey   | Reached skill level 4 in Shields
  7007 | Bailey   | Reached skill level 8 in Invocations
  7170 | Bailey   | HP: 7/93 [orc warrior/+0 war axe (9)]
  7185 | Bailey   | Reached skill level 2 in Dodging
  7726 | D:7      | Identified a scroll of acquirement
  7726 | D:7      | Acquired 1670 gold pieces
  7728 | D:7      | Reached skill level 11 in Fighting
  7728 | D:7      | Reached skill level 16 in Axes
  7728 | D:7      | Reached skill level 9 in Invocations
  7728 | D:7      | Reached XP level 11. HP: 102/102 MP: 16/18
  8071 | D:7      | Reached skill level 10 in Invocations
  8075 | D:7      | Reached XP level 12. HP: 109/110 MP: 19/19
  8137 | D:7      | Found a radiant altar of Vehumet.
  8139 | D:7      | Found a snail-covered altar of Cheibriados.
  8203 | D:8      | Noticed Erica
  8215 | D:8      | Killed Erica
  8287 | D:8      | Reached skill level 5 in Shields
  8346 | D:8      | Reached skill level 5 in Armour
  8927 | D:8      | Found a bloodstained altar of Trog.
  9178 | D:9      | Reached skill level 3 in Dodging
  9182 | D:9      | Found a hide-covered altar of Uskayaw.
  9186 | D:9      | Found a shattered altar of Ashenzari.
  9585 | D:9      | Found an iron altar of Okawaru.
  9764 | D:9      | Found a stormy altar of Qazlal.
 10001 | D:10     | Entered Level 10 of the Dungeon
 10053 | D:10     | Reached skill level 2 in Evocations
 10065 | D:10     | Reached skill level 2 in Throwing
 10189 | D:10     | Noticed a two-headed ogre
 10211 | D:10     | Killed a two-headed ogre
 10211 | D:10     | Reached skill level 12 in Fighting
 10320 | D:10     | Found a staircase to the Lair.
 10366 | D:10     | Reached skill level 6 in Armour
 10924 | D:11     | Reached skill level 11 in Invocations
 10925 | D:11     | Reached skill level 3 in Evocations
 11293 | D:11     | Reached skill level 3 in Throwing
 11632 | D:11     | Reached skill level 4 in Dodging
 11700 | D:11     | Noticed Urug
 11702 | D:11     | Noticed Urug
 11702 | D:11     | Urug changed into Urug the merfolk
 11713 | D:11     | Killed Urug the merfolk
 11835 | D:11     | Noticed a two-headed ogre
 11839 | D:11     | Killed a two-headed ogre
 11969 | D:11     | Reached XP level 13. HP: 112/119 MP: 21/21
 12410 | Lair:1   | Entered Level 1 of the Lair of Beasts
 13003 | Lair:2   | Found a hole to the Spider Nest.
 13180 | Lair:2   | Reached skill level 12 in Invocations
 13365 | Lair:2   | Reached skill level 17 in Axes
 13822 | Lair:2   | Found a runed translucent door.
 14277 | Lair:2   | Noticed Datul's ghost (novice FeFi)
 14287 | Lair:2   | Killed Datul's ghost
 14287 | Lair:2   | Reached skill level 13 in Fighting
 14422 | Lair:3   | Found a staircase to the Shoals.
 14481 | Lair:3   | Reached ****** piety under Uskayaw
 15477 | Lair:3   | Reached skill level 18 in Axes
 16198 | Lair:4   | Reached skill level 13 in Invocations
 16662 | Lair:4   | Reached skill level 7 in Armour
 16767 | Lair:4   | Reached XP level 14. HP: 124/130 MP: 23/23
 16840 | Lair:4   | Reached skill level 4 in Throwing
 17973 | Lair:5   | Reached skill level 5 in Dodging
 17986 | Lair:5   | Reached skill level 14 in Fighting
 18287 | Lair:5   | Found a glowing golden altar of the Shining One.
 18541 | Lair:6   | Entered Level 6 of the Lair of Beasts
 18687 | Lair:6   | Reached skill level 8 in Armour
 18693 | Lair:6   | Reached skill level 5 in Throwing
 18920 | Lair:6   | Found a staircase to the Slime Pits.
 19573 | Lair:6   | Reached skill level 14 in Invocations
 19581 | Lair:6   | Reached skill level 6 in Dodging
 19882 | Lair:6   | Got a brightly glowing scale mail
 19902 | Lair:6   | Identified the +3 scale mail of Defence {rElec Str-4
                  | Slay+3} (You found it on level 6 of the Lair of Beasts)
 20268 | D:12     | Reached skill level 9 in Armour
 20393 | D:12     | Noticed Nergalle
 20403 | D:12     | Killed Nergalle
 20451 | D:12     | Reached XP level 15. HP: 100/139 MP: 25/25
 20453 | D:12     | Found Poeg's General Store.
 20627 | D:12     | Found a staircase to the Orcish Mines.
 20797 | D:12     | Found a roughly hewn altar of Beogh.
 21058 | D:12     | Reached skill level 15 in Fighting
 21223 | Orc:1    | Entered Level 1 of the Orcish Mines
 21312 | Orc:1    | Noticed an orc warlord
 21323 | Orc:1    | Killed an orc warlord
 21537 | Orc:1    | Found a runed translucent door.
 21539 | Orc:1    | Noticed Pim Fono's ghost (journeyman GnHu)
 21643 | Orc:2    | Entered Level 2 of the Orcish Mines
 21835 | Orc:2    | Reached skill level 7 in Dodging
 21875 | Orc:2    | Found Uzxeo's General Store.
 21885 | Orc:2    | Bought a scroll of noise for 18 gold pieces
 21968 | Orc:2    | Noticed an orc warlord
 21969 | Orc:2    | Noticed an orc warlord
 21982 | Orc:2    | Killed an orc warlord
 21982 | Orc:2    | Reached skill level 15 in Invocations
 22329 | Orc:2    | Reached skill level 10 in Armour
 22343 | Orc:1    | Mangled by an orc warlord

Illustrated notes

Levels and vault maps discovered:
D:1:      dpeg_arrival_central, layout_basic
D:2:      layout_basic, minmay_misc_feat_tower, fedhas_altar_4, uniq_jessica,
          uniq_crazy_yiuf_cottage
D:3:      layout_rooms, nicolae_tso_carved_into_rock, saegor_snake_ambush
D:4:      layout_cave_pools, kennysheep_little_box,
          gammafunk_temple_overflow_arena, grunt_dithmenos_shadows,
          serial_park_tiny_pond, minmay_pentomino_pile, uniq_menkaure
D:5:      layout_loops_ring, minmay_temple_entry_mini_moons, serial_shops,
          nicolae_shop_behind_doors, hangedman_decor_riveting,
          uniq_prince_ribbit1
D:6:      layout_basic, gammafunk_temple_of_torment, gammafunk_ghost_cemetery,
          uniq_sigmund, uniq_pikel
D:7:      layout_basic, nicolae_overflow_hidden_temple, enter_bailey_2
D:8:      layout_rooms, kennysheep_mini, serial_bayou_ford_a, uniq_erica
D:9:      layout_gridville, okawaru_metal_pillars_3, marbit_many_paths,
          lemuel_round_altar, lemuel_oklob_altar
D:10:     layout_loops_ring, erik_lair_island, eino_tiny_chamber
D:11:     layout_roguey, uniq_urug
D:12:     layout_rooms, minmay_orc_entry_temple_small, serial_shops,
          nicolae_shop_trees, small_chamber_with_monster, uniq_nergalle
Temple:   eino_temple_lava
Lair:1:   layout_cave_shapes, patterned_corridor, lemuel_fruit_tree
Lair:2:   layout_regular_city, nicolae_spider_entry_non_spiders,
          ebering_ghost_reflecting_pool, wad_woods_river_03, pond
Lair:3:   layout_loops_ring, elwin_shoals_entry_rocks, roderic_carrion_pond
Lair:4:   layout_cave_pods, nicolae_lair_grove_arrangements
Lair:5:   layout_small_grid, lemuel_centaur_altar
Lair:6:   grunt_lair_end_beastmaster, layout_gridlike, dpeg_slime_entry_corner,
          serial_bayou_lagoon_b
Orc:1:    layout_diamond_mine, ebering_ghost_inner_flame, mines_bat_river
Orc:2:    st_orc_rangers, layout_diamond_mine, serial_shops, nicolae_shop_stone

Skill      XL: |  1  2  3  4  5  6  7  8  9 10 11 12 13 14 15 |
---------------+----------------------------------------------+-----
Axes           | 3 4 5 6 7 9 11 13 16 18 | 18.0
Fighting       | 4 5 6 7 8 9 11 12 13 14 15 | 15.2
Invocations    | 4 6 9 10 11 13 14 15 | 15.0
Evocations     | 1 3 |  3.0
Throwing       | 1 3 5 |  5.0
Dodging        | 2 4 6 7 |  7.1
Armour         | 4 6 7 9 10 | 10.0
Shields        | 4 5 |  5.0

Action                   |  1- 3 |  4- 6 |  7- 9 | 10-12 | 13-15 || total
-------------------------+-------+-------+-------+-------+-------++-------
Melee: War axe           |    92 |   124 |   247 |   533 |       ||   996
       Broad axe         |       |       |       |    16 |   752 ||   768
Throw: Dart              |       |       |     1 |     7 |     8 ||    16
Invok: Stomp             |       |       |    10 |    15 |     2 ||    27
       Line Pass         |       |       |     1 |       |       ||     1
       Grand Finale      |       |       |       |       |     2 ||     2
Evoke: Wand              |       |       |       |     7 |     2 ||     9
  Use: Scroll            |       |     6 |     6 |     9 |     8 ||    29
       Potion            |       |       |     1 |     5 |       ||     6
 Stab: Paralysed         |       |       |     5 |    49 |    87 ||   141
       Confused          |       |       |     1 |       |       ||     1
       Petrified         |       |       |       |       |     2 ||     2
Armor: Scale mail        |    37 |    61 |   122 |   151 |   283 ||   654
       Skin              |       |       |       |     8 |       ||     8
Dodge: Dodged            |    27 |    34 |    56 |   131 |   300 ||   548
Block: Kite shield       |    49 |    73 |   107 |    71 |       ||   300
       Buckler           |       |       |       |    91 |   225 ||   316

Table legend: (Time is in decaauts)
 A = Elapsed time spent in this place.
 B = Non-inter-level travel time spent in this place.
 C = Inter-level travel time spent in this place.
 D = Time resting spent in this place.
 E = Time spent auto-exploring this place.
 F = Levels seen in this place.
 G = Mean time per level.
                   A        B        C        D        E       F      G
               +--------+--------+--------+--------+--------+-----+--------+
         Total |  22169 |  21363 |    806 |   4543 |  12895 |  22 | 1007.7 |
       Dungeon |  11832 |  11272 |    560 |   2300 |   6729 |  12 |  986.0 |
        Temple |    201 |    194 |      7 |      0 |    194 |   1 |  201.0 |
          Lair |   7700 |   7486 |    214 |   1344 |   5268 |   6 | 1283.3 |
  Orcish Mines |   1097 |   1073 |     24 |    461 |    395 |   2 |  548.5 |
        Bailey |   1336 |   1336 |      0 |    438 |    309 |   1 | 1336.0 |
               +--------+--------+--------+--------+--------+-----+--------+

Top non-repeatable levels by time:
  Lair:4: 1592 daAuts
  Lair:6: 1566 daAuts
    D:11: 1557 daAuts
  Lair:3: 1489 daAuts
  Lair:2: 1420 daAuts
  Bailey: 1336 daAuts
     D:6: 1177 daAuts
     D:4: 1162 daAuts
     D:7: 1150 daAuts
  Lair:5: 1055 daAuts
    D:12: 925 daAuts
     D:3: 913 daAuts
     D:9: 896 daAuts
   Orc:1: 894 daAuts
     D:8: 869 daAuts
